 Dungeon Crawl Stone Soup version 0.30-a0-726-gd89dcf765f (webtiles) character file.

Game seed: 12897721935853300111

2520 browni3141 the Purveyor of Pain (level 9, 0/61 HPs)
             Began as a Human Earth Elementalist on Jan 29, 2023.
             Was an Initiate of Kikubaaqudgha.
             Slain by an orc warrior
             ... wielding a +0 war axe
              (14 damage)
             ... in a bailey.
             The game lasted 00:14:09 (6917 turns).

browni3141 the Purveyor of Pain (HuEE)              Turns: 6917, Time: 00:14:09

Health: 0/61       AC:  6    Str:  8    XL:     9   Next: 83%
Magic:  13/13      EV: 12    Int: 26    God:    Kikubaaqudgha [......]
Gold:   128        SH:  5    Dex: 14    Spells: 3/14 levels left

rFire   + . .      SeeInvis .    D - +6 rapier (venom)
rCold   . . .      Faith    .    H - +2 buckler {rF+}
rNeg    . . .      Spirit   .    E - +2 robe {Archmagi}
rPois   .          Reflect  .    (no helmet)
rElec   .          Harm     .    (no cloak)
rCorr   .          Rampage  .    o - +0 pair of gloves
Will    +....      Archmagi +    e - +0 pair of boots
Stlth   ++                       (no amulet)
HPRegen 0.30/turn                v - ring of willpower
MPRegen 0.13/turn                x - +6 ring of intelligence

@: no status effects
A: no striking features
a: Renounce Religion


You were in a bailey.
You worshipped Kikubaaqudgha.
Kikubaaqudgha was noncommittal.
You visited 2 branches of the dungeon, and saw 8 of its levels.
You also visited: Bailey.

You collected 450 gold pieces.
You spent 322 gold pieces at shops.

Inventory:

Hand Weapons
 a - a +0 dagger of venom
 b - the +4 dagger "Leviticus" {pain, Dex+3 SInv}
   (You found it on level 3 of the Dungeon)

   Dex:       It affects your dexterity (+3).
   SInv:      It lets you see invisible.
 D - a +6 rapier of venom (weapon)
Missiles
 f - 3 atropa-tipped darts
Armour
 d - a +0 robe
 e - a +0 pair of boots (worn)
 g - a +2 robe of cold resistance
 o - a +0 pair of gloves (worn)
 E - a +2 robe of the Archmagi (worn)
 H - a +2 buckler of fire resistance (worn)
Jewellery
 v - a ring of willpower (left hand)
 x - a +6 ring of intelligence (right hand)
Wands
 s - a wand of charming (23)
 z - a wand of iceblast (4)
 A - a wand of acid (1)
 G - a wand of mindburst (19)
 J - a wand of digging (3)
Scrolls
 j - a scroll of brand weapon
 k - a scroll of amnesia
 m - 2 scrolls of fear
 n - 2 scrolls of immolation
 t - a scroll of vulnerability
 w - a scroll of fog
 y - a scroll of silence
 B - a scroll of enchant weapon {unknown}
 I - 2 scrolls of teleportation {unknown}
Potions
 c - 4 potions of curing {unknown}
 h - 2 potions of brilliance {unknown}
 i - 2 potions of heal wounds {unknown}
 l - 2 potions of flight {unknown}
 p - 3 potions of degeneration {unknown}
 q - 3 potions of lignification {unknown}
 r - 2 potions of attraction {unknown}
 u - a potion of magic
 C - a potion of might {unknown}
 F - 2 potions of invisibility {unknown}


   Skills:
 - Level 2.0 Fighting
 * Level 6.7 Short Blades
 - Level 2.0 Dodging
 - Level 2.0 Stealth
 - Level 3.0 Spellcasting
 - Level 8.0 Necromancy
 - Level 3.0 Transmutations
 - Level 6.0 Earth Magic


You had 3 spell levels left.
You knew the following spells:

 Your Spells              Type           Power      Damage    Failure   Level
a - Sandblast             Erth           100%       2d20      1%          1
b - Passwall              Tmut/Erth      33%        N/A       3%          2
c - Stone Arrow           Conj/Erth      58%        3d10      11%         3
d - Cigotuvi's Dreadful   Necr/Pois/Air  52%        N/A       7%          2
e - Vampiric Draining     Necr           62%        2d10      1%          3

Your spell library contained the following spells:

 Spells                   Type           Power      Damage    Failure   Level
 Necrotise                Necr           100%       1d9       1%          1
 Poisonous Vapours        Pois/Air       10%        N/A       19%         2
 Dazzling Flash           Conj/Hex       10%        N/A       36%         3
 Mephitic Cloud           Conj/Pois/Air  5%         N/A       36%         3
 Agony                    Necr           62%        N/A       13%         5
 Petrify                  Tmut/Erth      40%        N/A       21%         4
 Silence                  Hex/Air        2%         N/A       98%         5


Dungeon Overview and Level Annotations

Branches:
Dungeon (7/15)             Temple (1/1) D:6          Bailey (1/1)

Altars:
Ashenzari
Cheibriados
Dithmenos
Elyvilon
Fedhas
Gozag
Hepliaklqana
Kikubaaqudgha
Makhleb
Okawaru
Qazlal
Ru
Trog
Uskayaw
Vehumet
Wu Jian
Xom
Yredelemnul
Zin
The Shining One

Shops:
D:2 (   D:6 [

Annotations:
D:2 Sigmund


Message History

The kobold closely misses you.
You puncture the kobold!
You kill the kobold!
Kikubaaqudgha accepts your kill. You block the kobold's attack.
You puncture the kobold!
You kill the kobold!
Kikubaaqudgha accepts your kill.
You hit the orc warrior but do no damage.
The orc warrior hits you but does no damage.
You hit the orc warrior.
The orc warrior is poisoned.
The orc warrior is moderately wounded.
The orc warrior misses you. You block the orc warrior's attack.
You barely miss the orc warrior.
The orc warrior is moderately wounded.
The kobold throws a boomerang.
You block the boomerang.
You hit the orc warrior but do no damage.
The orc warrior looks as sick as possible!
The orc warrior is moderately wounded.
You block the orc warrior's attack.
The orc warrior hits you with a +0 war axe!
You closely miss the orc warrior.
The orc warrior is moderately wounded.
The orc warrior hits you with a +0 war axe!!
The orc warrior misses you.
You barely miss the orc warrior.
The orc warrior is moderately wounded.
The orc warrior hits you with a +0 war axe!
The orc warrior closely misses you.
The orc warrior attacks as you move away!
The orc warrior completely misses you. The orc attacks as you move away!
You block the orc's attack.
The orc warrior hits you with a +0 war axe!
* * * LOW HITPOINT WARNING * * *
The orc warrior attacks as you move away!
The orc warrior closely misses you.
The orc warrior attacks as you move away!
The orc warrior hits you with a +0 war axe!
You die...
Kikubaaqudgha rasps: "You have failed me!
Welcome... death!"

#....∩....# #.........#
##.......## ##.....##
###...## ##...####
##.....#### ##.......###
#..∩.....@####
#..........oo(####
#~≈≈≈≈≈≈≈~..go.(..#
≈≈≈≈≈≈≈≈≈≈≈≈≈≈..(....#
≈≈≈#########≈≈≈≈≈......#
≈≈K#...[og.#K≈≈≈≈≈≈~....
#.......####K.≈~≈≈≈≈≈
#'# ..#......≈≈≈
...###......#


You could see 3 orc warriors, an orc, 2 hobgoblins and 2 kobolds.

Vanquished Creatures
  Pikel (D:4)
  A steam dragon (D:6)
  Duvessa (D:5)
  An ice beast (D:6)
  3 sky beasts
  A black bear (D:6)
  An ogre (D:5)
  2 lemures (D:4)
  2 phantoms
  2 scorpions
  6 killer bees (D:7)
  3 hounds
  A jelly (D:6)
  2 orc priests
  3 iguanas
  2 orc wizards
  Natasha (thrice) (D:3)
  8 gnolls
  12 adders
  2 shadow imps (D:6)
  A white imp (D:6)
  An ufetubus (D:6)
  An adder zombie (D:3)
  3 adder skeletons (D:3)
  A worm (D:2)
  A dart slug (D:1)
  24 orcs
  5 bats
  11 endoplasms
  3 giant cockroaches
  7 goblins
  3 hobgoblins
  6 quokkas
  10 ball pythons
  A ball python skeleton (D:3)
  A ball python zombie (D:3)
  3 frilled lizards
  12 kobolds
  10 rats
161 creatures vanquished.

Vanquished Creatures (collateral kills)
  Dowan (D:5)
1 creature vanquished.

Vanquished Creatures (others)
  23 withered plants (D:3)
23 creatures vanquished.

Grand Total: 185 creatures vanquished

Notes
Turn   | Place    | Note
-------+----------+-------------------------------------------
     0 | D:1      | browni3141 the Human Earth Elementalist began the quest for
                  | the Orb.
     0 | D:1      | Reached XP level 1. HP: 13/13 MP: 3/3
    77 | D:1      | Reached skill level 1 in Fighting
    81 | D:1      | Reached XP level 2. HP: 21/21 MP: 1/5
   202 | D:1      | Learned a level 2 spell: Passwall
   356 | D:1      | Reached XP level 3. HP: 26/27 MP: 6/6
   808 | D:2      | Reached XP level 4. HP: 24/33 MP: 7/7
   909 | D:2      | Found Paqaggim's Weapon Shoppe.
  1026 | D:2      | Noticed Sigmund
  1898 | D:3      | Reached XP level 5. HP: 38/38 MP: 3/8
  2295 | D:3      | Noticed Natasha
  2302 | D:3      | Killed Natasha
  2303 | D:3      | Reached XP level 6. HP: 36/44 MP: 7/10
  2307 | D:3      | Identified the +4 dagger "Leviticus" {pain, Dex+3 SInv}
  2750 | D:4      | Reached skill level 1 in Necromancy
  2761 | D:4      | Noticed Pikel
  2796 | D:3      | Noticed Natasha
  2799 | D:3      | Killed Natasha
  2953 | D:3      | Noticed Natasha
  2958 | D:3      | Killed Natasha
  2959 | D:3      | Reached skill level 5 in Earth Magic
  3382 | D:4      | Reached skill level 2 in Necromancy
  3382 | D:4      | Reached XP level 7. HP: 50/50 MP: 11/11
  3576 | D:4      | Learned a level 3 spell: Stone Arrow
  3579 | D:4      | Learned a level 2 spell: Cigotuvi's Dreadful Rot
  3583 | D:4      | Learned a level 3 spell: Vampiric Draining
  3692 | D:4      | Killed Pikel
  3693 | D:4      | Reached skill level 5 in Necromancy
  3693 | D:4      | Reached XP level 8. HP: 32/56 MP: 0/12
  4206 | D:5      | Entered Level 5 of the Dungeon
  4206 | D:5      | Noticed Dowan
  4213 | D:5      | Noticed Duvessa
  4259 | D:5      | Reached skill level 6 in Necromancy
  4338 | D:5      | Killed Dowan
  4395 | D:5      | Killed Duvessa
  4396 | D:5      | Reached skill level 7 in Necromancy
  4737 | D:5      | Found a blossoming altar of Fedhas.
  4848 | D:5      | Reached skill level 1 in Short Blades
  4983 | D:6      | Reached XP level 9. HP: 56/61 MP: 13/13
  5131 | D:6      | Found a stormy altar of Qazlal.
  5244 | D:6      | Reached skill level 8 in Necromancy
  5288 | D:6      | Found a staircase to the Ecumenical Temple.
  5389 | Temple   | Entered the Ecumenical Temple
  5642 | Temple   | Became a worshipper of Kikubaaqudgha
  5674 | D:6      | Found a snail-covered altar of Cheibriados.
  5675 | D:6      | Found a sacrificial altar of Ru.
  5676 | D:6      | Found a bloodstained altar of Trog.
  5693 | D:6      | Found a basalt altar of Yredelemnul.
  5859 | D:6      | Found a hide-covered altar of Uskayaw.
  5983 | D:6      | Found Eshraes's Armour Shop.
  5991 | D:6      | Bought a +2 buckler of fire resistance for 322 gold pieces
  6240 | D:7      | Found a radiant altar of Vehumet.
  6262 | D:7      | Found a white marble altar of Elyvilon.
  6272 | D:7      | Reached skill level 5 in Short Blades
  6318 | D:7      | HP: 3/61 [poisoned by a killer bee]
  6628 | D:7      | Found a flagged portal.
  6853 | Bailey   | Entered a bailey
  6917 | Bailey   | Slain by an orc warrior

Illustrated notes

Levels and vault maps discovered:
D:1:      wander_arrival_abandoned_jail, layout_rooms, minmay_misc_feat_columns
D:2:      layout_loops_ring, serial_shops, shop, minmay_hexomino_u4,
          uniq_sigmund
D:3:      minmay_razor_zed, layout_rooms, dilly_guarded_unrand_morg
D:4:      layout_loops_ring, grunt_ministairs_2, uniq_pikel
D:5:      layout_rooms, fedhas_altar_4, uniq_duvessa
D:6:      layout_gridville, mainiacjoe_overflow_catwalk, kennysheep_mini,
          nicolae_uskayaw_murder_on_the_dancefloor,
          chequers_temple_overflow_statue_of_worship, minmay_temple_entry_ruins,
          serial_shops, nicolae_shop_trees
D:7:      lemuel_insect_pit, layout_basic, mainiacjoe_overflow_brackets,
          vehumet_crystals, enter_bailey_2
Temple:   grunt_temple_mini_profane
Bailey:   bailey_axe_4, bailey

Skill      XL: |  1  2  3  4  5  6  7  8  9 |
---------------+----------------------------+-----
Fighting       | 1 2 |  2.0
Transmutations | 2 3 |  3.0
Earth Magic    | 4 5 6 |  6.0
Spellcasting   | 3 |  3.0
Necromancy     | 2 5 7 8 |  8.0
Short Blades   | 1 6 |  6.7
Dodging        | |  2.0
Stealth        | |  2.0

Action                     |  1- 3 |  4- 6 |  7- 9 || total
---------------------------+-------+-------+-------++-------
  Melee: Dagger            |    64 |   148 |    38 ||   250
         Punch             |       |     2 |     1 ||     3
         Rapier            |       |       |   135 ||   135
   Cast: Sandblast         |    13 |    47 |    43 ||   103
         Stone Arrow       |       |       |     2 ||     2
         Vampiric Draining |       |       |     1 ||     1
  Evoke: Wand              |       |       |    10 ||    10
    Use: Scroll            |       |       |     7 ||     7
   Stab: Sleeping          |     6 |     4 |     3 ||    13
 Armour: Robe              |    19 |    67 |    72 ||   158
  Dodge: Dodged            |    35 |   135 |   139 ||   309
  Block: Buckler           |       |       |    20 ||    20

Table legend: (Time is in decaauts)
 A = Elapsed time spent in this place.
 B = Non-inter-level travel time spent in this place.
 C = Inter-level travel time spent in this place.
 D = Time resting spent in this place.
 E = Time spent auto-exploring this place.
 F = Levels seen in this place.
 G = Mean time per level.
                   A        B        C        D        E       F      G
               +--------+--------+--------+--------+--------+-----+--------+
         Total |   6970 |   6597 |    373 |    418 |   4517 |   9 |  774.4 |
       Dungeon |   6631 |   6301 |    330 |    390 |   4293 |   7 |  947.3 |
        Temple |    276 |    233 |     43 |      0 |    218 |   1 |  276.0 |
        Bailey |     62 |     62 |      0 |     28 |      6 |   1 |   62.0 |
               +--------+--------+--------+--------+--------+-----+--------+

Top non-repeatable levels by time:
     D:3: 1864 daAuts
     D:4: 1117 daAuts
     D:6: 995 daAuts
     D:2: 887 daAuts
     D:7: 611 daAuts
     D:1: 597 daAuts
     D:5: 557 daAuts
  Temple: 276 daAuts
  Bailey: 62 daAuts
